 Dungeon Crawl Stone Soup version 0.30-a0-972-gf3ab3527aa (webtiles) character file.

Game seed: 8630272463788212177

355 Demosthentine the Poker (level 6, -10/72 HPs)
             Began as a Demonspawn Gladiator on Mar 31, 2023.
             Mangled by a kobold
             ... wielding a +2 whip of distortion
              (13 damage)
             ... on level 4 of the Dungeon.
             The game lasted 00:02:53 (3341 turns).

Demosthentine the Poker (Demonspawn Gladiator)      Turns: 3341, Time: 00:02:53

Health: -10/72     AC: 23    Str: 16    XL:     6   Next: 36%
Magic:  6/6        EV:  2    Int:  8    God:
Gold:   240        SH:  0    Dex: 18    Spells: 5/5 levels left

rFire   + . .      SeeInvis .    a - +1 trident
rCold   + . .      Faith    .    (no shield)
rNeg    . . .      Spirit   .    b - melded +0 leather armour
rPois   +          Reflect  .    c - melded +0 helmet
rElec   +          Rampage  .    (cloak currently unavailable)
rCorr   +          NoTele   +    (gloves currently unavailable)
Will    +....                    (boots currently unavailable)
Stlth   ++                       (no amulet)
HPRegen 0.32/turn                (no ring)
MPRegen 0.10/turn                (no ring)

@: mighty, tree-form, resistant, unable to read
A: stationary, stasis, torment immunity, boosted hp, foul stench 1, (sharp
scales 2), (demonic touch 1), agile 1, strong-willed 1, inability to read after
injury 1
a: no special abilities


You were on level 4 of the Dungeon.
You were a tree.
You visited 1 branch of the dungeon, and saw 4 of its levels.

You collected 240 gold pieces.

Inventory:

Hand Weapons
 a - a +1 trident (weapon)
Missiles
 d - 4 throwing nets (quivered)
 e - 9 javelins
Armour
 b - a +0 leather armour (melded)
 c - a +0 helmet (melded)
Scrolls
 g - 3 scrolls of vulnerability
 h - a scroll of blinking
Potions
 i - a potion of magic
 j - a potion of heal wounds
 k - a potion of attraction


   Skills:
 + Level 3.7 Fighting
 + Level 4.0 Polearms
 - Level 1.7 Throwing
 + Level 2.6 Armour
 + Level 4.0 Dodging


You had 5 spell levels left.
You didn't know any spells.
Your spell library contained the following spells:

 Spells                   Type           Power      Damage    Failure   Level
 Freeze                   Ice            0%         1d3       41%         1
 Frozen Ramparts          Ice            0%         1d1       78%         3
 Hailstorm                Conj/Ice       0%         3d3       78%         3
 Ignite Poison            Fire/Tmut/Pois 0%         N/A       78%         3
 Kindle Blastsparks       Fire/Tloc/Air  0%         2d10      78%         3
 Freezing Cloud           Conj/Ice/Air   0%         6-21      100%        5


Dungeon Overview and Level Annotations

Branches:
Dungeon (4/15)
 Temple: D:4-7

Altars:
Makhleb
Uskayaw

Annotations:
D:4 soul19's ghost, amateur DrTm


Innate Abilities, Weirdness & Mutations

You are a tree.
Your roots penetrate the ground, keeping you stationary.
You cannot be teleported.
You are immune to unholy pain and torment.
Your maximum health is greatly increased.
Your equipment is partially melded.
You may rarely emit foul miasma when damaged in melee.
((You are mostly covered in razor-sharp scales. (AC +2, Slay +2)))
((Your touch may inflict minor irresistible damage on your foes.))
You are agile. (Dex +4, Str/Int -1)
You are strong-willed. (Will+)
You occasionally lose the ability to read scrolls when taking damage.


Message History

The kobold brigand hits you but does no damage.
You barely miss the kobold brigand.
The kobold brigand is lightly wounded.
The kobold hits you but does no damage. x2; The kobold barely misses you.
The kobold brigand hits you but does no damage.
You puncture the kobold brigand!
The kobold brigand is severely wounded.
The kobold hits you but does no damage. The kobold hits you with a +0 whip.
The kobold hits you but does no damage. Space warps around you.
The kobold brigand hits you but does no damage.
The kobold hits you but does no damage.
You barely miss the kobold brigand.
The kobold brigand is severely wounded.
The kobold hits you with a +0 whip. The kobold barely misses you.
The kobold brigand hits you but does no damage.
The kobold hits you but does no damage.
You miss the kobold brigand.
The kobold brigand is severely wounded.
The kobold hits you but does no damage. x2
The kobold brigand hits you but does no damage.
The kobold completely misses you. The kobold hits you but does no damage.
You completely miss the kobold brigand.
The kobold brigand is severely wounded.
The kobold hits you but does no damage. Space warps around you.
The kobold brigand hits you but does no damage.
The kobold hits you but does no damage.
The kobold zaps a wand.
Your mind is blasted!
You closely miss the kobold brigand. You punch the kobold brigand!
The kobold brigand is almost dead.
The kobold hits you with a +2 whip of distortion.
* * * LOW HITPOINT WARNING * * *
Space warps horribly around you!
You feel threatened and lose the ability to read scrolls!
* * * LOW HITPOINT WARNING * * *
The kobold brigand hits you but does no damage.
The kobold hits you but does no damage. The kobold completely misses you.
You hit the kobold brigand.
You kill the kobold brigand!
The kobold hits you but does no damage. Space warps horribly around you!
You die...

..#........## ### ##..## #.
#..###.....# ##.).##....## ##.
#.## ##....## ##.....##....####..
#)# #.....###~.#.#.~#..##..#...
..#####.......#⌠.#.#.⌠#.####..<.#
..............#KK#.#.~#.# #..###
.##......###..##KK...##.# #.##
.#####..## ##[.##KW'##..# ##.# ##
#..# #..K♣KK.....###..# # # #..##
##.#)#.......##.##### #
##...#####......#............
#####.##..##.......####..##......
.##..####..........####...#..####
....####............##.......# #
###.###................##...## ##
# #.#.................#####.## #.
##.................## ##.###.


You could see soul19's ghost and 8 kobolds.

Vanquished Creatures
  A kobold brigand (D:4)
  A bullfrog (D:4)
  A scorpion (D:4)
  A crimson imp (D:3)
  A sleepcap (D:4)
  4 gnolls (D:3)
  5 adders
  An ufetubus (D:4)
  2 dart slugs
  8 orcs
  4 ball pythons
  2 bats
  7 endoplasms
  3 giant cockroaches
  6 goblins
  9 hobgoblins
  2 jackals (D:4)
  8 kobolds
  2 quokkas (D:2)
  A frilled lizard (D:1)
  A goblin skeleton (D:3)
  3 hobgoblin zombies (D:3)
  An orc skeleton (D:3)
  7 rats
81 creatures vanquished.

Vanquished Creatures (others)
  A fungus (D:4)
  3 plants (D:4)
4 creatures vanquished.

Grand Total: 85 creatures vanquished

Notes
Turn   | Place    | Note
-------+----------+-------------------------------------------
     0 | D:1      | Demosthentine the Demonspawn Gladiator began the quest for
                  | the Orb.
     0 | D:1      | Reached XP level 1. HP: 16/16 MP: 1/1
   191 | D:1      | Gained mutation: Your touch may inflict minor irresistible
                  | damage on your foes. [demonic ancestry]
   191 | D:1      | Reached XP level 2. HP: 11/22 MP: 2/2
   535 | D:1      | Reached skill level 1 in Armour
   546 | D:1      | Gained mutation: You are partially covered in razor-sharp
                  | scales. (AC +1, Slay +1) [demonic ancestry]
   546 | D:1      | Reached XP level 3. HP: 28/28 MP: 3/3
  1564 | D:3      | Reached XP level 4. HP: 34/34 MP: 4/4
  1870 | D:3      | Gained mutation: You may rarely emit foul miasma when
                  | damaged in melee. [demonic ancestry]
  1870 | D:3      | Reached XP level 5. HP: 36/41 MP: 5/5
  2276 | D:4      | Found a runed translucent gate.
  2277 | D:4      | Found a runed translucent gate.
  2277 | D:4      | Noticed soul19's ghost (amateur DrTm)
  2278 | D:4      | Found a runed translucent gate.
  2568 | D:4      | Found a hide-covered altar of Uskayaw.
  2701 | D:4      | Gained mutation: You are mostly covered in razor-sharp
                  | scales. (AC +2, Slay +2) [demonic ancestry]
  2701 | D:4      | Reached XP level 6. HP: 47/47 MP: 6/6
  2746 | D:4      | Found a burning altar of Makhleb.
  3317 | D:4      | Gained mutation: You are strong-willed. (Will+) [potion of
                  | mutation]
  3317 | D:4      | Gained mutation: You occasionally lose the ability to read
                  | scrolls when taking damage. [potion of mutation]
  3317 | D:4      | Gained mutation: You are agile. (Dex +4, Str/Int -1)
                  | [potion of mutation]
  3340 | D:4      | HP: 2/72 [kobold/+2 whip of distortion (15)]
  3341 | D:4      | Mangled by a kobold

Illustrated notes

Levels and vault maps discovered:
D:1:      saegor_arrival_under_anarchy, layout_loops_ring, serial_bayou_crossing
D:2:      cheibrodos_helix_gallery, layout_basic, chequers_serial_rivers_small_b
D:3:      layout_rooms, nicolae_tso_besieged_by_evil
D:4:      layout_layer_cave, mainiacjoe_overflow_alcove_2, bloody_makhleb,
          gammafunk_ghost_nasty_kobolds

Skill      XL: |  1  2  3  4  5  6 |
---------------+-------------------+-----
Polearms       | 3 4 |  4.0
Dodging        | 3 4 |  4.0
Armour         | 1 2 |  2.6
Fighting       | 3 |  3.7
Throwing       | |  1.7

Action                     |  1- 3 |  4- 6 || total
---------------------------+-------+-------++-------
  Melee: Trident           |    89 |   108 ||   197
         Touch             |     6 |    12 ||    18
         Punch             |       |     1 ||     1
    Use: Scroll            |     8 |     4 ||    12
         Potion            |       |     6 ||     6
 Armour: Leather armour    |    25 |    14 ||    39
         Skin              |       |    45 ||    45
  Dodge: Dodged            |    40 |    33 ||    73

Table legend: (Time is in decaauts)
 A = Elapsed time spent in this place.
 B = Non-inter-level travel time spent in this place.
 C = Inter-level travel time spent in this place.
 D = Time resting spent in this place.
 E = Time spent auto-exploring this place.
 F = Levels seen in this place.
 G = Mean time per level.
                   A        B        C        D        E       F      G
               +--------+--------+--------+--------+--------+-----+--------+
         Total |   3382 |   3367 |     15 |     62 |   2806 |   4 |  845.5 |
       Dungeon |   3382 |   3367 |     15 |     62 |   2806 |   4 |  845.5 |
               +--------+--------+--------+--------+--------+-----+--------+

Top non-repeatable levels by time:
     D:4: 1174 daAuts
     D:1: 813 daAuts
     D:2: 699 daAuts
     D:3: 695 daAuts
